 Dungeon Crawl Stone Soup version 0.23-a0-714-g00c90a0c22 (webtiles) character file.

9206 Crom the Carver (level 11, -3/101 HPs)
             Began as a Minotaur Gladiator on Jan 16, 2019.
             Was a High Priest of Okawaru.
             Slain by a death yak (18 damage)
             ... in a Gauntlet.
             The game lasted 00:34:45 (10855 turns).

Crom the Carver (Minotaur Gladiator)               Turns: 10855, Time: 00:34:46

Health: -3/101     AC: 16    Str: 23    XL:     11   Next: 20%
Magic:  0/10       EV: 15    Int:  5    God:    Okawaru [*****.]
Gold:   518        SH:  0    Dex: 16    Spells: 10/10 levels left

rFire    . . .     SeeInvis .   a - +1 long sword
rCold    . . .     Gourm    .   (no shield)
rNeg     . . .     Faith    .   C - +0 plate armour
rPois    .         Spirit   +   c - +1 hat
rElec    .         Reflect  .   n - scarf {cloud immunity}
rCorr    .         Harm     .   (no gloves)
MR       .....     NoTele   +   y - +0 pair of boots
Stlth    ..........             J - amulet of guardian spirit
HPRegen  0.26/turn              (no ring)
MPRegen  0.12/turn              (no ring)

@: agile
A: retaliatory headbutt, horns 2
a: Heroism, Finesse, Renounce Religion


You were in a Gauntlet.
You worshipped Okawaru.
Okawaru was extremely pleased with you.
You were not hungry.

You visited 2 branches of the dungeon, and saw 12 of its levels.
You also visited: Gauntlet.

You collected 712 gold pieces.
You spent 194 gold pieces at shops.

Inventory:

Hand Weapons
 a - a +1 long sword (weapon)
 f - a cursed +0 great sword of slicing
   (You took it off a wight on level 6 of the Dungeon)
 m - a cursed +2 falchion of freezing
   (You took it off a wight on level 6 of the Dungeon)
 w - a +0 hunting sling
   (You took it off a goblin on level 3 of the Dungeon)
 H - a +1 dagger of venom
   (You took it off an orc on level 8 of the Dungeon)
Missiles
 l - 5 throwing nets (quivered) {!f}
 u - 354 stones
Armour
 c - a +1 hat (worn)
 n - a scarf of cloud immunity (worn)
   (You found it on level 4 of the Dungeon)
 y - a +0 pair of boots (worn)
   (You found it on level 6 of the Dungeon)
 C - a +0 plate armour (worn)
   (You took it off an orc warrior on level 5 of the Dungeon)
Jewellery
 p - an uncursed ring of poison resistance {unknown}
   (You found it on level 3 of the Dungeon)
 q - an uncursed amulet of the acrobat
   (You found it on level 5 of the Dungeon)
 z - a +5 ring of strength {unknown}
   (You found it on level 6 of the Dungeon)
 J - an amulet of guardian spirit (around neck)
   (You found it on level 8 of the Dungeon)
Wands
 d - a wand of iceblast (16)
   (You found it on level 2 of the Dungeon)
 s - a wand of scattershot (3)
   (You found it on level 4 of the Dungeon)
 t - a wand of flame (29)
   (You found it on level 5 of the Dungeon)
 x - a wand of acid (9)
   (You found it on level 8 of the Dungeon)
 K - a wand of polymorph (7)
   (You found it on level 8 of the Dungeon)
Scrolls
 h - 3 scrolls of teleportation {@r4}
 j - a scroll of amnesia
 k - 2 scrolls of blinking
 v - a scroll of enchant weapon
 E - a scroll of fog {unknown}
 F - a scroll of noise {!r}
 G - a scroll of vulnerability {!r}
 I - a scroll of immolation {!r}
 L - a scroll of enchant armour
 M - a scroll of fear {unknown}
Potions
 g - a potion of agility
 i - 3 potions of flight
 r - 3 potions of curing {@q1}
 A - 3 potions of resistance
 B - a potion of lignification {!q}
Comestibles
 e - 10 rations {!d}


   Skills:
 + Level 10.7 Fighting
 * Level 14.5 Long Blades
 - Level 2.0 Throwing
 + Level 8.9 Armour
 - Level 6.0 Dodging


You had 10 spell levels left.
You didn't know any spells.
Your spell library contained the following spells:

 Spells                   Type           Power        Failure   Level  Hunger
 Summon Small Mammal      Summ           #...         100%        1    ##.....
 Call Imp                 Summ           #.......     100%        2    ###....
 Call Canine Familiar     Summ           #.......     100%        3    ####...
 Summon Guardian Golem    Hex/Summ       #.......     100%        3    ####...
 Summon Ice Beast         Ice/Summ       #.......     100%        4    #####..
 Summon Lightning Spire   Summ/Air       #.......     100%        4    #####..


Dungeon Overview and Level Annotations

Branches:
Dungeon (11/15)            Temple (1/1) D:6            Lair (0/6) D:11
    Orc (0/2) D:10

Altars:
Ashenzari
Cheibriados
Dithmenos
Elyvilon
Fedhas
Gozag
Hepliaklqana
Kikubaaqudgha
Makhleb
Nemelex Xobeh
Okawaru
Qazlal
Ru
Sif Muna
Trog
Uskayaw
Vehumet
Wu Jian
Xom
Yredelemnul
Zin
The Shining One

Shops:
D:4 ?   D:7 ?   D:10 [[(

Annotations:
D:8 3 runed doors, Somebody's ghost, novice DsAK Gauntlet 11 transporters


Innate Abilities, Weirdness & Mutations

You reflexively headbutt those who attack you in melee.
You have a pair of horns on your head.


Message History

You don't have enough magic at the moment.
You hit the death yak. You headbutt the death yak.
The death yak gores you but does no damage.
Unknown command.
Okay, then.
You hit the death yak.
You kill the death yak!
Okawaru accepts your kill.
Aim: a death yak The bolt of acid hits the death yak.
The death yak is splashed with acid.
The acid corrodes the death yak!
The bolt of acid hits the death yak.
The death yak is splashed with acid.
The death yak gores you but does no damage.
You hit the death yak. You barely miss the death yak.
You headbutt the death yak, but do no damage.
The death yak gores you!!
* * * LOW HITPOINT WARNING * * *
You feel much better. The death yak closely misses you.
You hit the death yak. The death yak gores you.
* * * LOW HITPOINT WARNING * * *
You slash the death yak! You headbutt the death yak!
Unknown command.
You completely miss the death yak.
The death yak gores you but does no damage.
Unknown command.
You slice the death yak!! The death yak closely misses you.
You furiously retaliate!
You headbutt the death yak!
Unknown command.
You hit the death yak.
The death yak gores you but does no damage.
Unknown command.
You slash the death yak! You headbutt the death yak!
You kill the death yak!
Okawaru is honoured by your kill.
You can now speed up your combat.
Okawaru will now gift you equipment as you gain piety.
Something appears at your feet! Okawaru grants you ammunition!
The death yak gores you but does no damage.
You slash the death yak! You hit the death yak but do no damage.
Your headbutt misses the death yak. The death yak gores you.
* * * LOW HITPOINT WARNING * * *
You hit the death yak but do no damage. The death yak barely misses you.
You furiously retaliate!
You headbutt the death yak!
Unknown command.
You hit the death yak but do no damage. You headbutt the death yak.
Unknown command.
You hit the death yak but do no damage. The death yak gores you!!
You die...

################≈#§#≈#
##≈#≈#§#≈#≈#≈#≈#.......
#≈.................∩..8
##.8.....8.....8......©
#§.......©.......######
##...#########...#yy..y
#≈...#...##..#...#y.##.
##...#..##...#...#.#..#
#≈...#@##..#.#...#.#..#
##.8.#Y#.Y##.#.8.#..###
#≈...#Y.)##..#...#.#..#
##...#..##.?.#...#.#..#
#≈...#.##©=(.#...#..##.
##...#########...#..$=©
#≈.....#.©.#.....######
##.8...#.8.#...8....#.©
##§.....#.©.#........#..


You could see 2 death yaks.

Vanquished Creatures
  3 death yaks (Gauntlet)
  A necromancer (Gauntlet)
  The ghost of lilly the Basher, a novice MiMo (D:7)
  2 trolls
  3 yaks (D:9)
  A wyvern (D:9)
  Grum (D:8)
  3 hungry ghosts (D:6)
  3 water moccasins
  A black bear (D:11)
  6 orc warriors
  3 ice beasts (D:6)
  A sky beast (D:7)
  2 phantoms
  A necrophage (D:9)
  4 ogres
  4 wolves (D:8)
  4 centaurs
  Blork the orc (D:4)
  7 bullfrogs
  A wyvern skeleton (D:10)
  5 killer bees (D:8)
  3 scorpions
  4 wights
  A howler monkey (D:6)
  4 crimson imps
  A centaur zombie (D:8)
  4 hounds
  A bullfrog zombie (D:5)
  A jelly (D:5)
  3 orc priests
  5 orc wizards
  3 iguanas
  6 worker ants
  2 hound zombies
  2 hound skeletons (D:5)
  A worker ant zombie (D:7)
  3 gnolls (D:5)
  13 adders
  A shadow imp (D:6)
  An ooze (D:1)
  2 adder zombies
  2 adder skeletons
  5 worms
  4 dart slugs
  8 leopard geckos
  28 orcs
  5 giant cockroaches
  4 goblins
  A hobgoblin (D:2)
  5 jackals
  4 quokkas
  A ball python (D:2)
  8 bats
  5 frilled lizards
  6 kobolds
  2 leopard gecko skeletons
  A leopard gecko zombie (D:7)
  6 rats
214 creatures vanquished.

Vanquished Creatures (others)
  2 fungi (D:8)
  2 plants (D:8)
  A withered plant (Gauntlet)
5 creatures vanquished.

Grand Total: 219 creatures vanquished

Notes
Turn   | Place    | Note
-------+----------+-------------------------------------------
     0 | D:1      | Crom the Minotaur Gladiator began the quest for the Orb.
     0 | D:1      | Reached XP level 1. HP: 18/18 MP: 0/0
   240 | D:1      | Reached skill level 4 in Long Blades
   337 | D:1      | Reached XP level 2. HP: 25/25 MP: 1/1
  1080 | D:2      | Reached XP level 3. HP: 31/31 MP: 2/2
  1618 | D:3      | Reached skill level 5 in Long Blades
  1618 | D:3      | Reached XP level 4. HP: 30/38 MP: 3/3
  2303 | D:4      | Found Ceal's Magic Scroll Shop.
  2306 | D:4      | Bought a scroll of identify for 24 gold pieces
  2306 | D:4      | Bought a scroll of identify for 24 gold pieces
  2306 | D:4      | Bought a scroll of blinking for 90 gold pieces
  2541 | D:4      | Reached XP level 5. HP: 40/46 MP: 4/4
  2704 | D:4      | Noticed Blork the orc
  2712 | D:4      | Killed Blork the orc
  2712 | D:4      | Reached skill level 6 in Long Blades
  2712 | D:4      | Reached XP level 6. HP: 30/52 MP: 5/5
  3017 | D:5      | Entered Level 5 of the Dungeon
  3390 | D:5      | Reached skill level 5 in Dodging
  3394 | D:5      | Reached skill level 7 in Long Blades
  3524 | D:5      | Reached skill level 5 in Fighting
  3524 | D:5      | Reached XP level 7. HP: 54/61 MP: 6/6
  4152 | D:6      | Reached skill level 8 in Long Blades
  5142 | D:6      | Reached XP level 8. HP: 51/70 MP: 7/7
  5305 | D:5      | Reached skill level 9 in Long Blades
  5305 | D:5      | Reached skill level 1 in Armour
  5781 | D:6      | Found a staircase to the Ecumenical Temple.
  5805 | Temple   | Entered the Ecumenical Temple
  5915 | Temple   | Became a worshipper of Warmaster Okawaru
  6151 | D:7      | Found Pucuag's Magic Scroll Emporium.
  6194 | D:6      | Reached skill level 10 in Long Blades
  6202 | D:6      | Paralysed by fainting for 10 turns
  6868 | D:6      | Reached * piety under Okawaru
  6868 | D:6      | Reached XP level 9. HP: 34/79 MP: 8/8
  7116 | D:7      | Reached skill level 11 in Long Blades
  7344 | D:7      | Bought a scroll of magic mapping for 56 gold pieces
  7391 | D:7      | Reached skill level 5 in Armour
  7598 | D:7      | Found a radiant altar of Vehumet.
  7715 | D:7      | Found a runed door.
  7746 | D:7      | Reached ** piety under Okawaru
  7803 | D:7      | Noticed lilly's ghost (novice MiMo)
  7921 | D:7      | Killed lilly's ghost
  8113 | D:8      | Reached skill level 12 in Long Blades
  8249 | D:8      | Found a runed gate.
  8438 | D:8      | Noticed Grum
  8448 | D:8      | Reached *** piety under Okawaru
  8459 | D:8      | Killed Grum
  8459 | D:8      | Reached XP level 10. HP: 55/91 MP: 9/9
  8651 | D:8      | Found a runed gate.
  8651 | D:8      | Found a runed gate.
  8885 | D:8      | Noticed Somebody's ghost (novice DsAK)
  9282 | D:9      | Reached skill level 13 in Long Blades
  9607 | D:9      | Found a blossoming altar of Fedhas.
  9804 | D:9      | Reached **** piety under Okawaru
  9853 | D:10     | Entered Level 10 of the Dungeon
  9892 | D:10     | Reached skill level 10 in Fighting
  9975 | D:10     | Found Qemaicun's Armour Shoppe.
 10053 | D:10     | Found Etiamilo's Armour Emporium.
 10124 | D:10     | Found a staircase to the Orcish Mines.
 10133 | D:10     | Found Xesao's Weapon Emporium.
 10590 | D:11     | Found a gate leading to a gauntlet.
 10594 | Gauntlet | Entered a Gauntlet
 10594 | Gauntlet | Found a transporter.
 10597 | Gauntlet | Found a transporter.
 10611 | Gauntlet | Found a transporter.
 10615 | Gauntlet | Found a transporter.
 10630 | Gauntlet | Found a transporter.
 10635 | Gauntlet | Noticed a death ooze
 10642 | Gauntlet | Noticed a green ugly thing
 10646 | Gauntlet | Found a transporter.
 10646 | Gauntlet | Noticed a great orb of eyes
 10648 | Gauntlet | Noticed a white ugly thing
 10655 | Gauntlet | Noticed a death scarab
 10659 | Gauntlet | Found a transporter.
 10663 | Gauntlet | Noticed a death scarab
 10675 | Gauntlet | Found a transporter.
 10675 | Gauntlet | Found a transporter.
 10675 | Gauntlet | Found a transporter.
 10675 | Gauntlet | Noticed a spectral death yak
 10676 | Gauntlet | Found a transporter.
 10676 | Gauntlet | Noticed a death yak
 10676 | Gauntlet | Noticed a death yak
 10676 | Gauntlet | Noticed a death yak
 10677 | Gauntlet | Noticed a death yak
 10677 | Gauntlet | Noticed a death yak
 10680 | Gauntlet | Noticed a necromancer
 10698 | Gauntlet | Found a transporter.
 10814 | Gauntlet | Killed a necromancer
 10814 | Gauntlet | Reached skill level 14 in Long Blades
 10824 | Gauntlet | HP: 4/94 [death yak (15)]
 10831 | Gauntlet | Killed a death yak
 10831 | Gauntlet | Received a gift from Okawaru
 10831 | Gauntlet | Reached XP level 11. HP: 23/101 MP: 2/10
 10839 | Gauntlet | Killed a death yak
 10849 | Gauntlet | Killed a death yak
 10849 | Gauntlet | Reached ***** piety under Okawaru
 10849 | Gauntlet | Received a gift from Okawaru
 10855 | Gauntlet | Slain by a death yak

Vault maps used:
D:1:      mrwooster_arrival_statue, kennysheep_crisscross, chequers_garden
D:4:      first_ration, serial_shops, kennysheep_mini, uniq_blork_the_orc
D:6:      minmay_temple_entry_statues_fountains, serial_column_ruins,
          column_ruins_corridor_straight, column_ruins_grid_3,
          column_ruins_open_small, column_ruins_columns_straight,
          column_ruins_grid_3, column_ruins_columns_straight
D:7:      vehumet_altar_wand_db, serial_shops, shop,
          ebering_ghost_reflecting_pool, grunt_ogre_cave
D:8:      gammafunk_ghost_nasty_kobolds, uniq_grum
D:9:      basic_altar, kennysheep_decorative_pillar, kennysheep_generic_room_13
D:10:     orc_david_3, serial_shops, nicolae_shop_behind_doors
D:11:     lair_entry_dummy, gauntlet_entry_generic
Temple:   kilobyte_greek_temple
Gauntlet: minmay_gauntlet_mixed_oops_all_seconds

Skill      XL: |  1  2  3  4  5  6  7  8  9 10 |
---------------+-------------------------------+-----
Long Blades    | 4 5 6 7 8 10 12 14 | 14.5
Fighting       | 3 4 5 6 7 9 10 | 10.7
Dodging        | 4 5 6 |  6.0
Armour         | 4 6 8 |  8.9
Throwing       | |  2.0

Action                   |  1- 3 |  4- 6 |  7- 9 | 10-12 || total
-------------------------+-------+-------+-------+-------++-------
Melee: Long sword        |    65 |   100 |   341 |   223 ||   729
       Headbutt          |    12 |    22 |    77 |    49 ||   160
Throw: Throwing net      |       |     2 |     5 |       ||     7
Invok: Heroism           |       |       |     1 |     5 ||     6
Evoke: Wand              |       |       |     2 |     2 ||     4
  Use: Scroll            |       |    11 |    10 |     3 ||    24
       Potion            |       |       |     1 |     3 ||     4
 Stab: Held in net/web   |       |       |     1 |       ||     1
  Eat: Chunk             |     2 |     4 |    11 |     6 ||    23
       Ration            |       |     1 |     4 |     1 ||     6
Armor: Leather armour    |    13 |       |       |       ||    13
       Scale mail        |     7 |    43 |    17 |       ||    67
       Plate armour      |       |       |   222 |    79 ||   301
Dodge: Dodged            |    48 |    77 |   164 |   110 ||   399
       Rpst.: Long sword |     7 |    22 |    48 |    34 ||   111

Table legend:
 A = Non-vault XP
 B = Vault XP
 C = Vault XP percentage of total XP
 D = Non-vault monster count
 E = Vault monster count
 F = Vault count percentage of total count
                 A         B        C        D         E       F
            +---------+---------+-------+---------+---------+-------
      Total |    7917 |    5235 |  39.8 |     196 |      18 |   8.4
            +---------+---------+-------+---------+---------+-------
        D:1 |      25 |       0 |   0.0 |      13 |       0 |   0.0
        D:2 |      43 |       0 |   0.0 |      17 |       0 |   0.0
        D:3 |      77 |       0 |   0.0 |      19 |       0 |   0.0
        D:4 |     265 |      91 |  25.6 |      14 |       1 |   6.7
        D:5 |     931 |       0 |   0.0 |      31 |       0 |   0.0
        D:6 |    1745 |       0 |   0.0 |      31 |       0 |   0.0
        D:7 |     776 |     772 |  49.9 |      18 |       3 |  14.3
        D:8 |     541 |     657 |  54.8 |      13 |       5 |  27.8
        D:9 |    2330 |     136 |   5.5 |      26 |       1 |   3.7
       D:10 |     939 |     279 |  22.9 |      12 |       4 |  25.0
       D:11 |     245 |       0 |   0.0 |       2 |       0 |   0.0
   Gauntlet |       0 |    3300 | 100.0 |       0 |       4 | 100.0
            +---------+---------+-------+---------+---------+-------
